← All builds
Tech / Armada / Economy first / OBSERVED BUILD

Standard tech

Armada Tech (Eco) build order · Supreme Isthmus

Rushes T2 by 4:15, gets Advanced Metal Extractor around 5:28, hands off T2 constructors to Geo and the team, then scales eco and supplies the team's T2 needs through the rest of the game.

Usually first T2 con to Geo (83%)

#eco #t2 #team support · 1574 distinct matches · 255 players · 58% of Armada Tech games · team won 53% of 1868 · Recently observed

HOW TO PLAY IT

Key timing: T2 factory by 4:15

  1. Open 3 mex and heavy wind to fund a fast T2 rush.
  2. Put down Bot Lab, planning to eat it for reclaim soon after.
  3. Get Advanced Bot Lab up, hitting the T2 factory rush timing.
  4. Upgrade mex to Advanced Metal Extractor to lock in team metal income.
  5. Eat Advanced Bot Lab and keep sending cons to Geo and Pond.

Phase by phase

TYPICAL OF ITS 1574 GAMES
  1. 1
  2. 2
  3. 3
  4. 4
PLAY THE OPENING

Follow the example game's first 6:00 step by step: what to build now, what comes next, and where it goes. At 1× it keeps pace with your own game.

  1. 1

    Up to the Bot Lab

    Economy
    • Metal Extractor3Mex
    • Wind Turbine4Wind
    Order
    1. Bot LabBot Lab after 3 mex, 4 winddone ~1:18, middle half 1:13–1:32

    Some games also: energy storage (31%)

    By 1:01 in all: 3 mex · 4 wind

    The example game in this phase · 3 steps
    1. Mex ×3
    2. Wind ×4
    3. Bot LabBot Labdone 1:19 · typical 1:18
  2. 2

    Bot Lab to Advanced Bot Lab

    Economy
    • Metal Extractor1Mex
    • Wind Turbine8Wind
    • Energy Storage1Energy storage
    Order
    1. Advanced Bot LabAdvanced Bot Lab after 4 mex, 12 wind, 3 con turretdone ~4:16, middle half 4:04–4:30
    Builders
    • Construction Turret3 Con turret
    • Lazarus3 Lazarus
    • Construction Bot2 Con bot
    • Construction Bot1 Con bot for allies

    Some games also: converter (36%)

    By 3:18 in all: 4 mex · 12 wind · 1 energy storage · 3 con turret

    The example game in this phase · 20 steps
    1. Wind
    2. LazarusLazarus
    3. Wind
    4. LazarusLazarus
    5. Construction BotCon bot
    6. Construction BotCon botfor Air
    7. Construction BotCon bot
    8. Mex
    9. LazarusLazarus
    10. Wind ×2
    11. Con turret
    12. Wind
    13. Energy storage
    14. Wind
    15. Con turret
    16. Wind ×2
    17. Con turret
    18. Wind
    19. Bot LabEat Bot Labreclaimed for its metal
    20. Advanced Bot LabAdvanced Bot Labdone 4:17 · typical 4:16
  3. 3

    Advanced Bot Lab to 5:00

    Economy
    • Wind Turbine3Wind
    Order
    1. Bot LabEat Bot Lab
    Builders
    • Advanced Construction Bot1 T2 con bot for allies

    Some games also: converter (35%)

    By 5:00 in all: 4 mex · 15 wind · 1 converter · 1 energy storage · 3 con turret

    The example game in this phase · 8 steps
    1. Wind ×3
    2. Advanced Construction BotT2 con botfor Air
    3. Wind
    4. Advanced Construction BotT2 con bot
    5. Wind
    6. Advanced Metal ExtractorT2 mexdone 5:19 · typical 5:29
    7. Wind
    8. Advanced Metal ExtractorT2 mex
  4. 4

    5:00 to 10:00

    Economy
    • Wind Turbine43Wind
    • Energy Converter6Converter
    Builders
    • Butler9 Butler
    • Advanced Construction Bot4 T2 con bot for allies
    • Advanced Construction Bot1 T2 con bot

    Some games also: con turret (43%) · Butler for allies (37%)

    By 10:00 in all: 4 mex · 58 wind · 8 converter · 1 energy storage · 3 con turret

    The example game in this phase · 165 steps
    1. Converter ×4
    2. Advanced Construction BotT2 con bot ×2
    3. Advanced Construction BotT2 con botfor Geo sea
    4. Wind ×3
    5. ButlerButler
    6. Wind
    7. ButlerButler
    8. Advanced Metal ExtractorT2 mex
    9. Advanced Construction BotT2 con botfor Pond
    10. Advanced Metal ExtractorT2 mex
    11. Advanced Construction BotT2 con botfor unknown
    12. Wind ×5
    13. Advanced Construction BotT2 con bot
    14. Wind
    15. ButlerButler
    16. Wind
    17. ButlerButler
    18. Wind
    19. CitadelAnti-nukedone 10:13
    20. Converter
    21. Con turret ×3
    22. Bot LabBot Labdone 9:13
    23. Converter
    24. Metal storage
    25. Construction BotCon bot ×6
    26. Wind
    27. Construction BotCon bot ×2
    28. Wind
    29. Construction BotCon bot
    30. Wind ×3
    31. Construction BotCon bot
    32. TracerTracer
    33. Wind
    34. Construction BotCon bot
    35. Wind ×3
    36. FatboyFatboynot finished by 15:00
    37. Advanced Construction BotT2 con bot
    38. Wind ×4
    39. Bot LabEat Bot Labreclaimed for its metal
    40. Wind ×4
    41. Converter
    42. Wind
    43. Con turret
    44. Wind ×5
    45. RattlesnakeRattlesnakedone 13:42
    46. Wind
    47. Converter
    48. Wind ×2
    49. Aircraft PlantAircraft Plantnot finished by 15:00
    50. Wind
    51. Converter
    52. Con turret
    53. Wind ×3
    54. Converter
    55. Wind ×4
    56. Advanced Bot LabEat Advanced Bot Labreclaimed for its metal
    57. Converter ×2
    58. Wind ×4
    59. Converter
    60. Wind ×2
    61. Converter
    62. Wind ×2
    63. Fusion ReactorFusiondone 13:02
    64. Wind
    65. Converter
    66. Wind ×2
    67. Converter
    68. Wind ×4
    69. Converter ×2
    70. Wind
    71. Vehicle PlantVehicle Plantdone 13:08
    72. Wind ×5
    73. Converter ×2
    74. Wind ×5
    75. Converter ×2
    76. Wind
    77. Converter
    78. Wind
    79. Converter
    80. Wind
    81. Converter ×2
    82. Wind ×2
    83. StoutStout
    84. Converter ×2
    85. Wind ×2
    86. StoutStout
    87. Converter ×2
    88. Wind
    89. StoutStout
    90. Wind ×2
    91. Converter
    92. Wind
    93. Converter
    94. StoutStout
    95. Converter
    96. ArbalestArbalest
    97. Wind ×2
    98. Converter
    99. StoutStout
    100. Wind
    101. Converter
    102. StoutStout
    103. Wind
    104. Converter
    105. Wind
    106. Converter
    107. StoutStout
    108. Wind ×2
    109. Converter
    110. StoutStout
    111. Wind ×2
    112. Converter
    113. StoutStout
    114. Wind
    115. BlitzBlitz
    116. Wind ×2
    117. BlitzBlitz
    118. Wind
    119. Converter
    120. BlitzBlitz
    121. Converter
    122. Wind
    123. BlitzBlitz
    124. Wind ×2
    125. BlitzBlitz
    126. Wind
    127. Converter
    128. BlitzBlitz
    129. Wind
    130. BlitzBlitz
    131. Converter
    132. Wind
    133. BlitzBlitz
    134. Wind ×2
    135. BlitzBlitz
    136. Wind
    137. Converter
    138. BlitzBlitz
    139. Wind
    140. BlitzBlitz
    141. Wind
    142. Converter
    143. Wind
    144. BlitzBlitz
    145. Wind
    146. BlitzBlitz
    147. Wind
    148. Converter
    149. Wind
    150. BlitzBlitz
    151. Wind
    152. BlitzBlitz
    153. Converter
    154. Wind ×2
    155. BlitzBlitz
    156. Advanced Metal ExtractorT2 mex
    157. Wind
    158. BlitzBlitz
    159. Wind
    160. Converter
    161. BlitzBlitz
    162. Wind ×2
    163. BlitzBlitz
    164. Converter
    165. Wind

Counts are medians over the build's games: half of them build more, half fewer. The example game is [BS]Nampukk's (31 OS, 24/08/2026); pick another.

Team trades

IN AT LEAST 30% OF ITS GAMES

You hand over

  • Construction Bot1 Con bot to Airfirst at 2:24 · in 84% of games
  • Advanced Construction Bot5 T2 con bot to Air or Geo sea or Pondfirst at 4:50 · in 99% of games
  • Butler2 Butler to Geo sea or Beach sea or Pondfirst at 9:07 · in 42% of games

You get

  • Hercules1 Light transport from Airfirst at 4:01 · in 86% of games

How it plays out

Typical game of this build, running totals by minute

Metal produced

020k40k
0:005:0010:0015:00

metal

Enemy metal destroyed

050100
0:005:0010:0015:00

metal

Own metal lost

050100150
0:005:0010:0015:00

metal

1868 games.

Show as table
ByMetal produced: This buildEnemy metal destroyed: This buildOwn metal lost: This build
1:0038300
2:0091500
3:00165100
4:00314300
5:00484800
6:00580000
7:00722700
8:00906100
9:001116900
10:001350200
11:001623900
12:001965200
13:002344100
14:0027357074
15:003153885130
WHAT THE NUMBERS SAY

Standard Tech play barely fights at all early, instead pouring metal into T2 infrastructure and constructors for the team.

  • + Metal produced hits 31679 by 15:00, by far the highest of any role here.
  • + T2 factory reached in 97% of games by 4:15, fastest and most reliable T2 timing.
  • − Enemy metal destroyed stays at 0 through 10:00, no early offense at all.
  • − Own metal lost also near 0, showing total avoidance of combat risk.
THE EXAMPLE YOU ARE READING

[BS]Nampukk

30.7 OS · 24/08/2026

Open source match ↗

1 received units
2971 metal received · 42324 energy received

Allied construction assistance is unknown. Timings are observations, not a promise of solo reproducibility.

Typical milestones

Bot Lab1:18Middle 50%: 1:13–1:32 · n=1868
Advanced Bot Lab4:16Middle 50%: 4:04–4:30 · n=1861
Advanced Metal Extractor5:29Middle 50%: 5:06–5:59 · n=1864

Played most by

Amrissa93games of this buildTheGeneraI66games of this buildAdeus57games of this buildEl_Turco56games of this buildKOT_43games of this build
Standard tech · Armada Tech (Eco) build order · BAR Build Atlas